 Dungeon Sprint DCSS version 0.30-a0-1066-g63dfefce0d (webtiles) character file.

Game seed: 6159834301658977689

14 dduke234 the Nimble (level 6, -1/57 HPs)
             Began as a Gnoll Monk on Apr 10, 2023.
             Was an Initiate of Gozag.
             Slain by a scorpion (3 damage)
             ... in the Dungeon (Sprint VI: "Thunderdome") on Apr 12, 2023.
             The game lasted 00:05:29 (261 turns).

dduke234 the Nimble (Gnoll Monk)                     Turns: 261, Time: 00:05:29

Health: -1/57      AC:  2    Str: 23    XL:     6   Next: 74%
Magic:  13/13      EV: 14    Int: 13    God:    Gozag
Gold:   373        SH:  0    Dex: 10    Spells: 15/15 levels left

rFire   + + .      SeeInvis .    a - +0 falchion
rCold   . . .      Faith    +    (no shield)
rNeg    + . .      Spirit   .    b - +0 robe
rPois   +          Reflect  .    (no helmet)
rElec   +          Rampage  .    (no cloak)
rCorr   +          NoTele   +    (no gloves)
Will    .....                    (no boots)
Stlth   +++                      o - amulet of Surprise {Faith rC- rN+ Str+3 Int+3}
HPRegen 0.29/turn                n - ring of Winter {rF+ rCorr Str+3 Dex-4}
MPRegen 0.13/turn                p - ring of Vukkajuc {rPois Str+5}

@: lethally poisoned (-1 -> -6), resistant, on berserk cooldown
A: fangs 1, strong nose, distributed training
a: Renounce Religion, Potion Petition, Call Merchant, Bribe Branch


You were in the Dungeon.
You worshipped Gozag.
Gozag was aware of your devotion.
You visited 1 branch You collected 508 gold pieces.
You spent 135 gold pieces at shops.

Inventory:

Hand Weapons
 a - a +0 falchion (weapon)
Armour
 b - a +0 robe (worn)
Jewellery
 n - the ring of Winter (left hand) {rF+ rCorr Str+3 Dex-4}
   (You bought it in a shop in the Dungeon)

   [ring of protection from fire]

   Str:       It affects your strength (+3).
   Dex:       It affects your dexterity (-4).
   rF:        It protects you from fire.
   rCorr:     It protects you from acid and corrosion.
 o - the amulet of Surprise (around neck) {Faith rC- rN+ Str+3 Int+3}
   (You bought it in a shop in the Dungeon)

   [amulet of faith]

   It allows you to gain divine favour quickly.
   Str:       It affects your strength (+3).
   Int:       It affects your intelligence (+3).
   rC:        It makes you vulnerable to cold.
   rN:        It protects you from negative energy.
 p - the ring of Vukkajuc (right hand) {rPois Str+5}
   (You bought it in a shop in the Dungeon)

   [ring of poison resistance]

   Str:       It affects your strength (+5).
   rPois:     It protects you from poison.
Wands
 k - a wand of light (4)
 l - a wand of roots (5)
Scrolls
 i - 4 scrolls of blinking
 m - 3 scrolls of fog
Potions
 c - a potion of ambrosia
 f - 4 potions of haste
 g - 2 potions of magic


   Skills:
 + Level 8.3 Fighting
 + Level 5.0 Short Blades
 + Level 8.3 Long Blades
 + Level 5.0 Axes
 + Level 5.0 Maces & Flails
 + Level 5.0 Polearms
 + Level 5.0 Staves
 + Level 5.0 Ranged Weapons
 + Level 5.0 Throwing
 + Level 5.0 Armour
 + Level 8.3 Dodging
 + Level 6.6 Stealth
 + Level 5.0 Shields
 + Level 5.0 Unarmed Combat
 + Level 5.0 Spellcasting
 + Level 4.1 Conjurations
 + Level 4.1 Hexes
 + Level 4.1 Summonings
 + Level 4.1 Necromancy
 + Level 4.1 Translocations
 + Level 4.1 Transmutations
 + Level 4.1 Fire Magic
 + Level 4.1 Ice Magic
 + Level 4.1 Air Magic
 + Level 4.1 Earth Magic
 + Level 4.1 Poison Magic
 + Level 5.5 Invocations
 + Level 5.0 Evocations


You had 15 spell levels left.
You didn't know any spells.
Your spell library was empty.

Dungeon Overview and Level Annotations

Branches:
Dungeon (1/1)

Altars:
Cheibriados
Dithmenos
Fedhas
Gozag
Kikubaaqudgha
Makhleb
Okawaru
Qazlal
Ru
Sif Muna
Trog
Uskayaw
Vehumet
Wu Jian
Xom
Yredelemnul
Zin
The Shining One
Lugonu

Shops:
D *[??*?*:[((!!!!


Innate Abilities, Weirdness & Mutations

You have very sharp teeth.
Your uncanny sense of smell can sniff out nearby items.
Your experience applies equally to all skills.


Message History

Your Spellcasting skill increases to level 5!
Your Conjurations skill increases to level 4!
Your Hexes skill increases to level 4!
Your Summonings skill increases to level 4!
Your Necromancy skill increases to level 4!
Your Translocations skill increases to level 4!
Your Transmutations skill increases to level 4!
Your Fire Magic skill increases to level 4!
Your Ice Magic skill increases to level 4!
Your Air Magic skill increases to level 4!
Your Earth Magic skill increases to level 4!
Your Poison Magic skill increases to level 4!
Your Evocations skill increases to level 5!
You now have 193 gold pieces (gained 63).
You now have 265 gold pieces (gained 72).
You now have 310 gold pieces (gained 45).
A scorpion comes into view.
The scorpion moves out of view.
You now have 373 gold pieces (gained 63). 50...
You feel yourself speed up. The scorpion barely misses you.
The scorpion stings you.
* * * LOW HITPOINT WARNING * * *
You slash the scorpion! You bite the scorpion.
The scorpion is heavily wounded.
The scorpion stings you.
* * * LOW HITPOINT WARNING * * *
You are poisoned.
The scorpion poisons you!
You feel protected.
You feel sick. The scorpion stings you!
* * * LOW HITPOINT WARNING * * *
The scorpion misses you.
You hit the scorpion.
The scorpion is severely wounded.
* * * LOW HITPOINT WARNING * * *
You feel sick. The scorpion stings you.
You die...
Your body crumbles into a pile of gold.

#⌠...........⌠#
######.8.........8.###
##..__......###......__
###∩........8.# #.8......
##.............###........
#⌠..........###...###.....
#⌠..........# #.<.# #.....
#⌠.......s..###...###.....
##.......@.....###...)....
###∩........8.# #.8......
##∩___......###......._
######.8.........8.###
#⌠.......[...⌠#
###.........###
#_......._# #_......._#
#_......._#


You could see a scorpion.

Vanquished Creatures
  A redback (D)
  3 scorpions (D)
  A killer bee (D)
  Jessica (D)
  A dart slug (D)
  An endoplasm (D)
  A goblin (D)
  2 hobgoblins (D)
11 creatures vanquished.

Notes
Turn   | Place    | Note
-------+----------+-------------------------------------------
     0 | D        | dduke234 the Gnoll Monk began the quest for the Orb.
     0 | D        | Reached XP level 1. HP: 23/23 MP: 1/1
     1 | D        | Found a blossoming altar of Fedhas.
     1 | D        | Found an ancient bone altar of Kikubaaqudgha.
     2 | D        | Found a glowing silver altar of Zin.
     3 | D        | Found a stormy altar of Qazlal.
     3 | D        | Found a basalt altar of Yredelemnul.
     4 | D        | Found a radiant altar of Vehumet.
     4 | D        | Found a hide-covered altar of Uskayaw.
     4 | D        | Found Hischari's Staff Store.
     4 | D        | Found Irchoesmi's Magic Scroll Shop.
     5 | D        | Found Apopsats's Must-Have Magic.
     5 | D        | Found Ruujef's Magic Scroll Shop.
     5 | D        | Round 1.
    25 | D        | Found Ixira's Distillery.
    27 | D        | Found a snail-covered altar of Cheibriados.
    27 | D        | Found an ornate altar of the Wu Jian Council.
    27 | D        | Found Bemiub's Do-It-Yourself Clinic.
    29 | D        | Found Nuruinn's Distillery.
    29 | D        | Found Gefranun's Bottled Wisdom.
    34 | D        | Found a shimmering altar of Xom.
    40 | D        | Found a shadowy altar of Dithmenos.
    41 | D        | Found Qimulol's Weapon Rack.
    42 | D        | Found Vimmuad's Basic Armour.
    42 | D        | Found Gutrias's Miscellaneous Merchandise.
    45 | D        | Found an iron altar of Okawaru.
    45 | D        | Found a burning altar of Makhleb.
    45 | D        | Found a glowing golden altar of the Shining One.
    45 | D        | Found Naruw's Premium Goods.
    51 | D        | Found a sacrificial altar of Ru.
    52 | D        | Found a shimmering blue altar of Sif Muna.
    69 | D        | Reached skill level 1 in Invocations
    73 | D        | Reached skill level 1 in Short Blades
    73 | D        | Reached skill level 1 in Axes
    73 | D        | Reached skill level 1 in Maces & Flails
    73 | D        | Reached skill level 1 in Polearms
    73 | D        | Reached skill level 1 in Staves
    73 | D        | Reached skill level 1 in Ranged Weapons
    73 | D        | Reached skill level 1 in Throwing
    73 | D        | Reached skill level 1 in Armour
    73 | D        | Reached skill level 1 in Shields
    73 | D        | Reached skill level 1 in Unarmed Combat
    73 | D        | Reached skill level 1 in Spellcasting
    73 | D        | Reached skill level 1 in Evocations
    73 | D        | Reached XP level 2. HP: 7/29 MP: 1/3
    78 | D        | Noticed Jessica
    82 | D        | Killed Jessica
    83 | D        | Reached skill level 1 in Conjurations
    83 | D        | Reached skill level 1 in Hexes
    83 | D        | Reached skill level 1 in Summonings
    83 | D        | Reached skill level 1 in Necromancy
    83 | D        | Reached skill level 1 in Translocations
    83 | D        | Reached skill level 1 in Transmutations
    83 | D        | Reached skill level 1 in Fire Magic
    83 | D        | Reached skill level 1 in Ice Magic
    83 | D        | Reached skill level 1 in Air Magic
    83 | D        | Reached skill level 1 in Earth Magic
    83 | D        | Reached skill level 1 in Poison Magic
    83 | D        | Reached XP level 3. HP: 11/35 MP: 2/6
    91 | D        | Arena points: 14 (+14) [x2]
    97 | D        | Found a corrupted altar of Lugonu.
    99 | D        | Found Sicofal's Identification Station.
   101 | D        | Found Dehigarat's Advanced Armour.
   101 | D        | Found Kihuyrgh's Jewellery.
   103 | D        | Found a bloodstained altar of Trog.
   103 | D        | Found an opulent altar of Gozag.
   114 | D        | Became a worshipper of Gozag Ym Sagoz the Greedy
   123 | D        | Upgraded the game from 0.30-a0-1043-g60ff8d5f49 to
                  | 0.30-a0-1066-g63dfefce0d
   130 | D        | Bought an ancient wooden ring for 45 gold pieces
   130 | D        | Identified the ring of Winter {rF+ rCorr Str+3 Dex-4} (You
                  | bought it in a shop in the Dungeon)
   130 | D        | Bought an ancient garnet amulet for 45 gold pieces
   130 | D        | Identified the amulet of Surprise {Faith rC- rN+ Str+3
                  | Int+3} (You bought it in a shop in the Dungeon)
   130 | D        | Bought an ancient amber ring for 45 gold pieces
   130 | D        | Identified the ring of Vukkajuc {rPois Str+5} (You bought
                  | it in a shop in the Dungeon)
   159 | D        | Round 2.
   171 | D        | Noticed a scorpion
   189 | D        | Killed a scorpion
   190 | D        | Reached skill level 5 in Stealth
   190 | D        | Reached XP level 4. HP: 21/43 MP: 6/8
   200 | D        | Noticed a redback
   204 | D        | Noticed a scorpion
   217 | D        | Killed a scorpion
   218 | D        | Reached XP level 5. HP: 39/48 MP: 8/10
   223 | D        | Killed a redback
   224 | D        | Reached skill level 5 in Invocations
   224 | D        | Reached XP level 6. HP: 23/56 MP: 8/12
   239 | D        | Reached skill level 5 in Short Blades
   239 | D        | Reached skill level 5 in Axes
   239 | D        | Reached skill level 5 in Maces & Flails
   239 | D        | Reached skill level 5 in Polearms
   239 | D        | Reached skill level 5 in Staves
   239 | D        | Reached skill level 5 in Ranged Weapons
   239 | D        | Reached skill level 5 in Throwing
   239 | D        | Reached skill level 5 in Armour
   239 | D        | Reached skill level 5 in Shields
   239 | D        | Reached skill level 5 in Unarmed Combat
   239 | D        | Reached skill level 5 in Spellcasting
   239 | D        | Reached skill level 5 in Evocations
   261 | D        | HP: 2/57 [poisoned by a scorpion]
   261 | D        | Slain by a scorpion

Illustrated notes

Levels and vault maps discovered:
D:        arena_sprint

Skill      XL: |  1  2  3  4  5  6 |
---------------+-------------------+-----
Invocations    | 1 2 3 5 |  5.5
Short Blades   | 1 2 3 4 5 |  5.0
Axes           | 1 2 3 4 5 |  5.0
Maces & Flails | 1 2 3 4 5 |  5.0
Polearms       | 1 2 3 4 5 |  5.0
Staves         | 1 2 3 4 5 |  5.0
Ranged Weapons | 1 2 3 4 5 |  5.0
Throwing       | 1 2 3 4 5 |  5.0
Armour         | 1 2 3 4 5 |  5.0
Shields        | 1 2 3 4 5 |  5.0
Unarmed Combat | 1 2 3 4 5 |  5.0
Spellcasting   | 1 2 3 4 5 |  5.0
Evocations     | 1 2 3 4 5 |  5.0
Conjurations   | 1 2 3 4 |  4.1
Hexes          | 1 2 3 4 |  4.1
Summonings     | 1 2 3 4 |  4.1
Necromancy     | 1 2 3 4 |  4.1
Translocations | 1 2 3 4 |  4.1
Transmutations | 1 2 3 4 |  4.1
Fire Magic     | 1 2 3 4 |  4.1
Ice Magic      | 1 2 3 4 |  4.1
Air Magic      | 1 2 3 4 |  4.1
Earth Magic    | 1 2 3 4 |  4.1
Poison Magic   | 1 2 3 4 |  4.1
Fighting       | 7 8 |  8.3
Long Blades    | 7 8 |  8.3
Dodging        | 7 8 |  8.3
Stealth        | 5 6 |  6.6

Action                     |  1- 3 |  4- 6 || total
---------------------------+-------+-------++-------
  Melee: Falchion          |    32 |    26 ||    58
         Bite              |     5 |     4 ||     9
         Punch             |       |     2 ||     2
  Evoke: Wand              |     1 |       ||     1
    Use: Potion            |     2 |     5 ||     7
 Armour: Robe              |     2 |     4 ||     6
  Dodge: Dodged            |    16 |    34 ||    50

Table legend: (Time is in decaauts)
 A = Elapsed time spent in this place.
 B = Non-inter-level travel time spent in this place.
 C = Inter-level travel time spent in this place.
 D = Time resting spent in this place.
 E = Time spent auto-exploring this place.
 F = Levels seen in this place.
 G = Mean time per level.
                   A        B        C        D        E       F      G
               +--------+--------+--------+--------+--------+-----+--------+
         Total |    262 |    258 |      4 |      0 |      9 |   1 |  262.0 |
       Dungeon |    262 |    258 |      4 |      0 |      9 |   1 |  262.0 |
               +--------+--------+--------+--------+--------+-----+--------+

Top non-repeatable levels by time:
       D: 262 daAuts
